Map: Abyssal Reef LE

Players

Essence - Winner!

  • Race: Terran Terran
  • League: Silver
  • Spawn Location: 5:00

Yata

  • Race: Zerg Zerg
  • League: Silver
  • Spawn Location: 11:00

VOD

Have the link to the VOD?

Description

Time

  • Played on: Aug. 9, 2017, 5:33 p.m.
  • Length: 10:37
Show
View Real Time Build Order
Export as new Build Order

Essence Terran - Winner!

Build Orders: MMM Bio 

Get SALT Encoding   

  12  0:01  SCV  
  13  0:13  SCV  
  14  0:21  Supply Depot  
  14  0:25  SCV  
  15  0:29  Refinery  
  15  0:42  SCV  
  16  0:45  Barracks  
  16  0:54  SCV  
  17  1:04  Barracks  
  17  1:08  SCV  
  18  1:22  Supply Depot  
  18  1:32  Orbital Command  
  18  1:35  Reaper  
  19  1:51  Reaper  
  20  1:57  SCV  
  21  2:07  Barracks Tech Lab  
  21  2:09  SCV  
  22  2:23  Barracks Reactor  
  22  2:24  Command Center  
  22  2:25  Marine  
  22  2:28  SCV  
  24  2:42  SCV  
  24  2:43  Marine  
  26  2:44  Supply Depot  
  26  2:46  Refinery  
  25  2:53  Combat Shields  
  25  3:00  Marine x2  
  27  3:05  Marine  
  27  3:06  SCV  
  29  3:14  Engineering Bay  
  29  3:18  SCV, Marine x2  
  32  3:23  Marine  
  33  3:30  SCV  
  34  3:36  Marine, Orbital Command  
  34  3:37  Marine  
  36  3:43  Terran Infantry Weapons Level 1, SCV  
  37  3:51  Engineering Bay  
  37  3:55  SCV  
  38  4:07  SCV  
  38  4:08  Factory, SCV  
  40  4:15  Stimpack  
  40  4:16  Marine  
  41  4:19  SCV  
  41  4:20  SCV  
  43  4:25  Supply Depot  
  43  4:26  Terran Infantry Armor Level 1  
  44  4:31  SCV  
  44  4:32  SCV  
  44  4:33  Missile Turret  
  44  4:38  Marine  
  46  4:43  SCV  
  46  4:44  Refinery, SCV  
  48  4:46  Marine x2  
  50  4:53  Starport  
  50  4:55  SCV  
  50  4:58  Marine  
  50  4:59  Factory Reactor, SCV  
  53  5:01  Supply Depot  
  53  5:04  Marine  
  54  5:07  SCV, Marine  
  54  5:11  SCV  
  57  5:16  Marine  
  57  5:17  Supply Depot  
  57  5:21  Refinery  
  58  5:25  Liberator x2  
  58  5:27  Command Center  
  58  5:42  Supply Depot  
  64  5:45  Marine x2  
  66  5:57  Marine  
  66  5:58  Supply Depot  
  66  5:59  Supply Depot  
  66  6:02  Armory  
  66  6:03  Marine  
  68  6:08  SCV x2  
  68  6:10  Missile Turret  
  70  6:12  Factory Tech Lab  
  70  6:13  Marine  
  71  6:20  SCV  
  71  6:21  SCV  
  73  6:33  Marine x2, SCV  
  73  6:37  Marine, Siege Tank  
  73  6:39  Medivac x2  
  84  6:41  Orbital Command  
  84  6:45  Supply Depot  
  84  6:46  Supply Depot  
  84  6:51  Marine x2  
  86  6:54  Terran Infantry Weapons Level 2  
  86  6:55  Marine  
  87  7:07  Orbital Command  
  87  7:08  Marine  
  87  7:09  Marine  
  87  7:13  Marine  
  87  7:24  Medivac x2  
  87  7:26  Marine x2  
  93  7:31  Marine  
  93  7:33  Supply Depot x2  
  93  7:35  Supply Depot  
  91  7:44  Marine x2  
  91  7:49  Marine  
  94  7:54  Medivac x2  
  97  8:02  Marine x2  
  99  8:06  Marine  
  100  8:20  Marine x2  
  100  8:24  Medivac x2, Marine  
  100  8:25  Supply Depot  
  100  8:26  Supply Depot  
  106  8:27  Supply Depot  
  102  8:37  Marine  
  102  8:38  Marine  
  104  8:42  Marine, Siege Tank  
  104  8:43  Supply Depot  
  104  8:44  Supply Depot  
  104  8:45  Supply Depot  
  104  8:47  Supply Depot  
  108  8:48  Supply Depot  
  108  8:53  SCV x3  
  108  8:54  Viking  
  108  8:55  Barracks, Marine x2  
  113  8:56  Barracks x2  
  113  8:59  Barracks  
  113  9:00  Marine  
  113  9:01  Barracks  
  116  9:05  SCV x3  
  119  9:13  Marine x2  
  119  9:15  Concussive Shells  
  121  9:17  SCV  
  121  9:18  Marine  
  123  9:26  Viking  
  123  9:27  Medivac  
  123  9:31  Marine x2, Missile Turret  
  127  9:35  Marine  
  130  9:49  Marine x2  
  130  9:50  Marine  
  133  9:53  Marine  
  133  9:55  Marine x3  
  133  9:56  Medivac  
  138  10:01  Medivac  
  138  10:07  Marine x2  
  140  10:08  Marine  
  140  10:11  Marine  
  140  10:13  Marine x3  
Show
View Real Time Build Order
Export as new Build Order

Yata Zerg 

Build Orders: Hatch First 

Get SALT Encoding   

  12  0:01  Drone  
  13  0:12  Overlord  
  13  0:21  Drone  
  14  0:31  Drone x2  
  17  0:35  Drone  
  17  0:56  Hatchery  
  16  0:59  Drone  
  17  1:04  Drone  
  18  1:12  Extractor  
  17  1:19  Spawning Pool  
  17  1:21  Drone  
  17  1:23  Drone  
  18  1:28  Drone  
  19  1:39  Overlord  
  20  2:01  Drone  
  20  2:08  Queen  
  20  2:09  Queen  
  20  2:11  Zergling x2  
  20  2:12  Zergling x2  
  20  2:15  Metabolic Boost  
  26  2:19  Drone  
  27  2:28  Drone  
  28  2:41  Zergling x6  
  30  2:55  Drone x3  
  33  3:09  Drone x2  
  36  3:20  Drone  
  36  3:21  Overlord  
  36  3:35  Hatchery  
  36  3:39  Overlord x2  
  35  3:41  Drone  
  36  3:50  Pneumatized Carapace  
  36  3:57  Queen  
  36  3:59  Drone x3  
  36  4:00  Drone x5  
  36  4:01  Drone  
  47  4:06  Extractor  
  46  4:10  Roach Warren  
  45  4:27  Evolution Chamber  
  44  4:41  Lair  
  44  4:45  Drone x2  
  45  4:46  Drone x5  
  45  4:47  Drone x5  
  45  4:52  Roach  
  58  4:59  Zerg Missile Weapons Level 1  
  58  5:37  Overlord x5  
  56  5:58  Roach  
  56  5:59  Roach x17  
  92  6:12  Drone x3  
  95  6:33  Infestation Pit  
  94  6:43  Overlord x3  
  94  6:46  Roach  
  96  6:57  Overlord x3  
  96  7:07  Queen x2  
  93  7:15  Spore Crawler  
  83  7:27  Ravager  
  83  7:28  Ravager x3  
  85  7:32  Ravager  
  85  7:33  Zergling x2  
  76  7:54  Zergling x6  
  76  7:55  Zergling x12  
  73  8:01  Queen  
  75  8:12  Drone  
  76  8:13  Drone x4  
  77  8:37  Queen  
  79  8:48  Roach x2  
  83  9:02  Drone x6  
  89  9:03  Drone x2  
  91  9:12  Queen  
  93  9:35  Swarm Host  
  96  9:51  Spore Crawler  
  87  10:01  Roach x4  
Tags
 
Composition
MMM Bio
Matchup
TvZ
Replay Pack
Pack 1
Spawn Locations
Cross Positions
Add a new tag
Caveats
  • Supply blocks, unpowered buildings, or Contaminate may cause inaccurate times.
  • Supply counts are checked every 10 seconds.